 Dungeon Crawl Stone Soup version 0.30-a0-852-g08b95dd62f (webtiles) character file.

Game seed: 6434400363095176723

35 Ceno the Trooper (level 3, -1/37 HPs)
             Began as an Ogre Warper on Mar 4, 2023.
             Was an Initiate of Fedhas.
             Slain by an orc wizard
             ... wielding a +4 dagger
              (4 damage)
             ... on level 3 of the Dungeon.
             The game lasted 00:05:28 (1629 turns).

Ceno the Trooper (Ogre Warper)                      Turns: 1629, Time: 00:05:29

Health: -1/37      AC:  4    Str: 15    XL:     3   Next: 35%
Magic:  6/6        EV:  9    Int: 16    God:    Fedhas [......]
Gold:   250        SH:  0    Dex:  8    Spells: 2/6 levels left

rFire   + . .      SeeInvis .    a - +0 mace
rCold   . . .      Faith    .    (no shield)
rNeg    . . .      Spirit   .    b - +0 robe
rPois   +          Reflect  .    (helmet restricted)
rElec   .          Rampage  .    s - +0 cloak
rCorr   .                        (gloves unavailable)
Will    .....                    (boots unavailable)
Stlth   +                        (no amulet)
HPRegen 0.26/turn                f - ring of poison resistance
MPRegen 0.10/turn                n - ring of protection from fire

@: no status effects
A: large, unfitting armour, tough skin 1
a: Renounce Religion


You were on level 3 of the Dungeon.
You worshipped Fedhas.
Fedhas was noncommittal.
You visited 1 branch of the dungeon, and saw 3 of its levels.

You collected 250 gold pieces.

Inventory:

Hand Weapons
 a - a +0 mace (weapon)
Missiles
 d - 7 boomerangs of dispersal
 k - 6 curare-tipped darts
 l - 12 stones (quivered)
 m - 9 poisoned darts
 p - 4 atropa-tipped darts
Armour
 b - a +0 robe (worn)
 s - a +0 cloak (worn)
Jewellery
 f - a ring of poison resistance (left hand)
 n - a ring of protection from fire (right hand)
Scrolls
 c - a scroll of blinking
 e - 2 scrolls of brand weapon {unknown}
 g - a scroll of identify {unknown}
 i - a scroll of noise {unknown}
 q - a scroll of fear {unknown}
 t - a scroll of teleportation {unknown}
Potions
 h - 2 potions of lignification {unknown}
 j - a potion of berserk rage {unknown}
 o - a potion of attraction {unknown}
 r - a potion of ambrosia {unknown}


   Skills:
 + Level 3.3 Fighting
 * Level 2.7 Maces & Flails
 - Level 1.0 Throwing
 - Level 2.1 Dodging
 - Level 2.4 Spellcasting
 + Level 3.0 Translocations


You had 2 spell levels left.
You knew the following spells:

 Your Spells              Type           Power      Damage    Failure   Level
a - Blink                 Tloc           22%        N/A       9%          2
b - Lesser Beckoning      Tloc           22%        N/A       9%          2

Your spell library contained the following spells:

 Spells                   Type           Power      Damage    Failure   Level
 Teleport Other           Tloc           11%        N/A       17%         3
 Vhi's Electric Charge    Tloc/Air       12%        N/A       32%         3
 Manifold Assault         Tloc           11%        N/A       50%         4
 Chain Lightning          Conj/Air       0%         2d1       100%        9
 Fire Storm               Conj/Fire      0%         6d1       100%        9
 Shatter                  Erth           0%         3d5*      100%        9


Dungeon Overview and Level Annotations

Branches:
Dungeon (3/15)

Altars:
Fedhas

Shops:
D:2 *


Innate Abilities, Weirdness & Mutations

You are too large for most types of armour.
You have tough skin. (AC +1)


Message History

You closely miss the orc.
The orc is almost dead.
The orc barely misses you.
You barely miss the orc.
The orc is almost dead.
The orc hits you with a +0 club. x2
You hit the orc but do no damage.
The orc is almost dead.
The orc hits you but does no damage.
You hit the orc but do no damage.
The orc is almost dead.
The orc barely misses you.
You hit the orc but do no damage.
The orc is almost dead.
The orc misses you. The orc barely misses you.
You hit the orc.
You kill the orc!
Fedhas appreciates your contribution to the ecosystem.
You barely miss something. Something hits you.
You hit something. Something hits you.
You closely miss something. Something hits you but does no damage.
You hear some strange, mumbled words.
You are confused.
You completely miss something.
An orc wizard appears from thin air!
Reactivating autopickup.
The orc wizard points at you and mumbles some strange words.
The magic dart hits you!
* * * LOW HITPOINT WARNING * * *
You bump into the rock wall.
The orc wizard hits you with a +4 dagger.
* * * LOW HITPOINT WARNING * * *
The orc wizard casts a spell at you. The puff of flame hits you. You resist.
* * * LOW HITPOINT WARNING * * *
You bump into the rock wall.
You feel less confused.
The orc wizard attacks as you move away!
The orc wizard hits you with a +4 dagger.
You die...
Fedhas appreciates your contribution to the ecosystem.

#.# ## #.# oo #.# #o #.#
#. #.# ######.###### #.#
.......o.o..# #.#
######.####o#####.#######
#. #.@....[....... #.
#######........ ..
######### ##


You could see an orc wizard and an orc.

Vanquished Creatures
  2 orcs (D:3)
  4 bats
  2 endoplasms
  2 hobgoblins
  7 jackals
  A quokka (D:3)
  2 ball pythons (D:2)
  3 frilled lizards
  3 goblins
  3 kobolds
  A toadstool (D:1)
30 creatures vanquished.

Vanquished Creatures (others)
  5 fungi (D:1)
  4 toadstools (D:1)
9 creatures vanquished.

Grand Total: 39 creatures vanquished

Notes
Turn   | Place    | Note
-------+----------+-------------------------------------------
     0 | D:1      | Ceno the Ogre Warper began the quest for the Orb.
     0 | D:1      | Reached XP level 1. HP: 22/22 MP: 3/3
   230 | D:1      | Reached XP level 2. HP: 11/29 MP: 5/5
   305 | D:1      | Learned a level 2 spell: Blink
   308 | D:1      | Learned a level 2 spell: Lesser Beckoning
   981 | D:2      | Found Asaz's Assorted Antiques.
  1005 | D:2      | Found a blossoming altar of Fedhas.
  1037 | D:2      | Became a worshipper of Fedhas Madash
  1269 | D:2      | Reached XP level 3. HP: 37/37 MP: 6/6
  1629 | D:3      | Slain by an orc wizard

Illustrated notes

Levels and vault maps discovered:
D:1:      lightli_arrival_statue_moat, layout_loops_ring,
          minmay_gold_behind_fungi
D:2:      layout_loops_cross, serial_shops,
          nicolae_shop_competitors_out_of_business, basic_altar, minivault_27
D:3:      layout_loops_ring

Skill      XL: |  1  2 |
---------------+-------+-----
Maces & Flails | 2 |  2.7
Fighting       | 3 |  3.3
Translocations | 3 |  3.0
Throwing       | |  1.0
Dodging        | |  2.1
Spellcasting   | |  2.4

Action                     || total
---------------------------++-------
  Melee: Mace              ||   105
 Armour: Robe              ||    52
  Dodge: Dodged            ||    57

Table legend: (Time is in decaauts)
 A = Elapsed time spent in this place.
 B = Non-inter-level travel time spent in this place.
 C = Inter-level travel time spent in this place.
 D = Time resting spent in this place.
 E = Time spent auto-exploring this place.
 F = Levels seen in this place.
 G = Mean time per level.
                   A        B        C        D        E       F      G
               +--------+--------+--------+--------+--------+-----+--------+
         Total |   1658 |   1617 |     41 |     88 |    820 |   3 |  552.7 |
       Dungeon |   1658 |   1617 |     41 |     88 |    820 |   3 |  552.7 |
               +--------+--------+--------+--------+--------+-----+--------+

Top non-repeatable levels by time:
     D:1: 835 daAuts
     D:2: 681 daAuts
     D:3: 141 daAuts
